cohdb
Replays
Latest Replays
All Replays
Popular Replays
Top Player Replays
Match Explorer
How It Works
Community
CoH3 Stats
Reddit
Sign in to upload your games and track your stats! →
Sign in with Steam
Match 40062919
Unlisted
Match 40062919
Overview
Messages
Build Orders
End
Pioneer Squad
Construct Infanterie Kompanie
Grenadier Squad
Selects Mechanized Battlegroup
Grenadier Squad
GrW 34 Mortar Team
Grenadier Squad
Selects Raid Package
Construct Panzergrenadier Kompanie
MG 42 Machine Gun Team
251 Medium Carrier
BIOHAZARD
[LoB]Fagio
Stana
Bego
0
0
Comments
sign in to comment!
No comments posted yet!